 Dungeon Crawl Stone Soup version 0.31-a0-75-g6fe912e8c5 (webtiles) character file.

Game seed: 12647383661812208620

45 Jeffwins the Chucker (level 3, -11/18 HPs)
             Began as a Vine Stalker Wanderer on May 23, 2023.
             Killed by divine providence
             ... invoked by an orc priest
              (15 damage)
             ... on level 2 of the Dungeon.
             The game lasted 00:02:56 (1897 turns).

Jeffwins the Chucker (Vine Stalker Wanderer)        Turns: 1897, Time: 00:02:57

Health: -11/18     AC:  4    Str: 14    XL:     3   Next: 64%
Magic:  0/6        EV: 11    Int: 15    God:
Gold:   124        SH:  0    Dex: 12    Spells: 2/5 levels left

rFire   . . .        a - +2 dagger
rCold   . . .        (no shield)
rNeg    . . .        e - +0 leather armour
rPois   .            (no helmet)
rElec   .            (no cloak)
rCorr   .            c - +0 pair of gloves
SInv    .            (no boots)
Will    .....        (no amulet)
Stlth   ++           (no ring)
HPRegen 0.23/turn    (no ring)
MPRegen 0.10/turn

%: guardian spirit
@: very slightly contaminated
A: fangs 2, magic shield, antimagic bite, no potion heal 2
a: no special abilities


You were on level 2 of the Dungeon.
You visited 1 branch of the dungeon, and saw 3 of its levels.

You collected 124 gold pieces.


Innate Abilities, Weirdness & Mutations

You have extremely sharp teeth.
When hurt, damage is shared between your health and your magic reserves.
Your bite disrupts and absorbs the magic of your enemies.
Potions cannot restore your health.


   Skills:
 - Level 1.7 Fighting
 + Level 2.9 Throwing
 - Level 1.5 Armour
 + Level 1.6 Stealth
 * Level 1.9 Spellcasting
 * Level 1.4 Conjurations
 * Level 1.7 Fire Magic
 + Level 0.1 Air Magic
 + Level 0.1 Poison Magic


You had 2 spell levels left.
You knew the following spells:

 Your Spells              Type           Power      Damage    Failure   Level
x - Poisonous Vapours     Pois/Air       2%         N/A       41%         2
z - Foxfire               Conj/Fire      20%        2x1d5     16%         1

Your spell library contained the following spells:

 Spells                   Type           Power      Damage    Failure   Level
 Inner Flame              Hex/Fire       3%         N/A       54%         3
 Volatile Blastmotes      Fire/Tloc      6%         2d10      54%         3
 Mephitic Cloud           Conj/Pois/Air  2%         N/A       58%         3
 Freezing Cloud           Conj/Ice/Air   1%         6-21      100%        5
 Yara's Violent Unravell  Hex/Tmut       0%         3d3       100%        5
 Enfeeble                 Hex            0%         N/A       100%        7

Inventory:

Hand Weapons
 a - a +2 dagger (weapon)
Missiles
 b - 3 curare-tipped darts (quivered) {=f}
 i - 4 poisoned darts
Armour
 c - a +0 pair of gloves (worn)
 e - a +0 leather armour (worn)
Scrolls
 d - 2 scrolls of teleportation {@r4}
 g - a scroll of identify {unknown}
 j - a scroll of fear {unknown}
 l - a scroll of magic mapping {unknown}
 n - a scroll of enchant weapon {unknown}
 o - a scroll of blinking {unknown}
 p - a scroll of vulnerability {unknown}
Potions
 f - 2 potions of invisibility {unknown}
 h - a potion of enlightenment {unknown}
 k - a potion of might {unknown}
 m - 3 potions of lignification {unknown}

Dungeon Overview and Level Annotations

Branches:
Dungeon (3/15)

Altars:

Shops:
D:1 [

Annotations:
D:1 1 exclusion

#.#
#...............#
#....... #.#
#.#########.#####
#...†... #.# #.#
#...# #....... #.#
#.# #.### #.......
####.###.#######.#
#.......
.................#
#.......
.#######.######..#
#....... .#
#.######..#####
####.### .#
#...>...o@....##
#.# .#
########..##...#
#.# .# #.<##...###
#.# .# #.........#
#.# .# #.........#
##.## .#####
#.........# #<..##
.....# #...#...###
#..... ####.#
#..<#...### #.####
# #.# ##.........#
#.#


You could see an orc priest.


Message History

Pain shoots through your body!
* * * LOW HITPOINT WARNING * * *
Unknown command.
Casting: Foxfire (safe; 16% risk of failure)
Confirm with . or Enter, or press ? or * to list all spells.
You conjure some foxfire!
The foxfire hits the orc priest.
The orc priest is lightly wounded.
The foxfire hits the orc priest but does no damage.
The orc priest is lightly wounded.
The orc priest hits you with a +0 whip.
* * * LOW HITPOINT WARNING * * *
Casting: Foxfire (safe; 16% risk of failure)
Confirm with . or Enter, or press ? or * to list all spells.
You don't have enough magic to cast this spell.
Unknown command.
Casting: Foxfire (safe; 16% risk of failure)
Confirm with . or Enter, or press ? or * to list all spells.
You don't have enough magic to cast this spell.
Unknown command.
You barely miss the orc priest. You bite the orc priest. You drain its power.
You feel invigorated.
The orc priest is moderately wounded.
The foxfire hits the orc priest.
The orc priest is heavily wounded.
The foxfire hits the orc priest.
The orc priest is heavily wounded.
The orc priest calls down the wrath of Beogh upon you.
Beogh smites you!
Ouch! That really hurt!
You die...

Skill      XL: |  1  2 |
---------------+-------+-----
Conjurations   | 1 |  1.4
Fighting       | |  1.7
Throwing       | |  2.9
Armour         | |  1.5
Stealth        | |  1.6
Spellcasting   | |  1.9
Fire Magic     | |  1.7
Air Magic      | |  0.1
Poison Magic   | |  0.1

Action                     || total
---------------------------++-------
  Melee: Dagger            ||    51
         Bite              ||    16
   Cast: Foxfire           ||    35
   Stab: Sleeping          ||     1
 Armour: Leather armour    ||    17
  Dodge: Dodged            ||    27

Levels and vault maps discovered:
D:1:      elethiomel_arrival_shortcut, layout_loops_corners, serial_shops,
          nicolae_shop_mannequins
D:2:      layout_loops_ring, dreamdust_princess_corridor
D:3:      layout_loops_cross

Notes
Turn   | Place    | Note
-------+----------+-------------------------------------------
     0 | D:1      | Jeffwins the Vine Stalker Wanderer began the quest for the
                  | Orb.
     0 | D:1      | Jeffwins set off with the following items: a +2 dagger, 3
                  | curare-tipped darts {=f}, a +0 pair of gloves, a scroll of
                  | teleportation {@r4}, a +0 leather armour; and the following
                  | spell memorised: Foxfire; and the following spells
                  | available to memorise: Volatile Blastmotes.
     0 | D:1      | Reached XP level 1. HP: 11/11 MP: 3/3
   185 | D:1      | Found Popruin's Armour Emporium.
   185 | D:1      | Noticed an animated shadow dragon scales
   200 | D:1      | Noticed an animated plate armour
   261 | D:1      | Reached XP level 2. HP: 10/15 MP: 1/5
   535 | D:1      | Reached skill level 1 in Conjurations
  1019 | D:2      | Reached XP level 3. HP: 18/18 MP: 3/6
  1400 | D:2      | Learned a level 2 spell: Poisonous Vapours
  1897 | D:2      | Killed from afar by an orc priest

Vanquished Creatures
  An adder (D:2)
  3 dart slugs
  4 bats
  5 endoplasms
  A giant cockroach (D:2)
  3 goblins
  A quokka (D:1)
  3 ball pythons
  4 kobolds
  2 rats
27 creatures vanquished.

Vanquished Creatures (others)
  68 foxfires
68 creatures vanquished.

Grand Total: 95 creatures vanquished

Table legend: (Time is in decaauts)
 A = Elapsed time spent in this place.
 B = Non-inter-level travel time spent in this place.
 C = Inter-level travel time spent in this place.
 D = Time resting spent in this place.
 E = Time spent auto-exploring this place.
 F = Levels seen in this place.
 G = Mean time per level.
                   A        B        C        D        E       F      G
               +--------+--------+--------+--------+--------+-----+--------+
         Total |   1896 |   1860 |     36 |      0 |   1614 |   3 |  632.0 |
       Dungeon |   1896 |   1860 |     36 |      0 |   1614 |   3 |  632.0 |
               +--------+--------+--------+--------+--------+-----+--------+

Top non-repeatable levels by time:
     D:1: 1014 daAuts
     D:2: 881 daAuts
     D:3: 1 daAuts

Table legend:
 A = Non-vault XP
 B = Vault XP
 C = Vault XP percentage of total XP
 D = Non-vault monster count
 E = Vault monster count
 F = Vault count percentage of total count
                 A         B        C        D         E       F
            +---------+---------+-------+---------+---------+-------
      Total |      65 |       0 |   0.0 |      27 |       0 |   0.0
            +---------+---------+-------+---------+---------+-------
        D:1 |      32 |       0 |   0.0 |      16 |       0 |   0.0
        D:2 |      33 |       0 |   0.0 |      11 |       0 |   0.0
            +---------+---------+-------+---------+---------+-------
